[Event "Titled Tuesday Blitz November 01 Early 2022"]
[White "Terzi, Alexei"]
[Black "Matveeva, Olga"]
[WhiteFideId "13505076"]
[BlackFideId "24107018"]
[WhiteElo "2172"]
[BlackElo "2055"]
[Result "1-0"]
[Round "01"]
[TimeControl "180+1"]
[Date "2022.11.02"]
[WhiteClock "0:00:22"]
[BlackClock "0:00:44"]

1. e4 e6 2. d4 d5 3. e5 c5 4. c3 Nc6 5. Nf3 Qb6 6. a3 Nh6 7. b4 cxd4 8. cxd4 Nf5 9. Be3 f6 10. exf6 gxf6 11. Bd3 Nxe3 12. fxe3 Bd6 13. O-O Bd7 14. Nc3 Ne7 15. Na4 Qd8 16. Nc5 b6 17. Nb7 Qc7 18. Nxd6+ Qxd6 19. Rc1 Rc8 20. Rxc8+ Bxc8 21. Qa4+ Bd7 22. Qxa7 O-O 23. Rc1 e5 24. Qc7 Qe6 25. Ba6 e4 26. Nh4 Qg4 27. Qg3 Qxg3 28. hxg3 Ra8 29. b5 Kf7 30. Rc7 Ke6 31. a4 Kd6 32. Rc2 Rg8 33. Kf2 Bg4 34. Bb7 Rb8 35. Ba6 Bd1 36. Ra2 Ra8 37. a5 bxa5 38. Rxa5 Kc7 39. Ra1 Kb6 40. Rxd1 1-0


[Site "https://www.chess.com"]

[Event "Titled Tuesday Blitz November 01 Early 2022"]
[White "Timofeev, Artyom"]
[Black "Parpiev, Isaak"]
[WhiteFideId "4140419"]
[BlackFideId "34281576"]
[WhiteElo "2579"]
[BlackElo "2100"]
[Result "0-1"]
[Round "01"]
[TimeControl "180+1"]
[Date "2022.11.02"]
[WhiteClock "0:00:01"]
[BlackClock "0:00:11"]

1. d4 Nf6 2. Bf4 e6 3. e3 c5 4. Nc3 d5 5. Nb5 Na6 6. Nf3 Be7 7. Be2 O-O 8. O-O Bd7 9. h3 Bxb5 10. Bxb5 Nc7 11. Be2 Ne4 12. c4 cxd4 13. Nxd4 Bd6 14. Bxd6 Qxd6 15. cxd5 Nxd5 16. Bf3 Ng5 17. Be2 Ne4 18. Qd3 Nc5 19. Qa3 Qb6 20. Bf3 Rfd8 21. Rac1 Rac8 22. Bxd5 exd5 23. Nf5 Rc7 24. Rfd1 Ne6 25. Rxc7 Qxc7 26. Rxd5 Rxd5 27. Ne7+ Kh8 28. Nxd5 Qc6 29. Nc3 h6 30. Qxa7 Ng5 31. Qd4 Qg6 32. Kh2 Qc2 33. Nd1 Ne4 34. f3 Nd2 35. Qd8+ Kh7 36. Nc3 Nxf3+ 37. Kg3 Ne1 38. Kf4 Nxg2+ 39. Ke5 Nxe3 40. Kd4 Qd2+ 41. Kc5 Qxd8 0-1


[Site "https://www.chess.com"]

[Event "Titled Tuesday Blitz November 01 Early 2022"]
[White "Toelly, Michael"]
[Black "Ovchinnikov, Vsevolod"]
[WhiteFideId "1625330"]
[BlackFideId "24176842"]
[WhiteElo "2090"]
[BlackElo "2376"]
[Result "1/2-1/2"]
[Round "01"]
[TimeControl "180+1"]
[Date "2022.11.02"]
[WhiteClock "0:00:52"]
[BlackClock "0:00:13"]

1. e4 g6 2. Nf3 Bg7 3. d4 d6 4. Nc3 a6 5. Bf4 b5 6. Qd2 Nd7 7. Be2 Bb7 8. h4 c5 9. d5 h5 10. Nh2 Qa5 11. g4 hxg4 12. Nxg4 Ngf6 13. Bg3 Nxg4 14. Bxg4 Ne5 15. Be2 Qb4 16. O-O-O Nc4 17. Bxc4 Qxc4 18. Kb1 Rh5 19. f3 a5 20. Ne2 a4 21. b3 axb3 22. cxb3 Qb4 23. Qxb4 cxb4 24. Nd4 Ba6 25. Nc6 Bf6 26. Nxb4 Bb7 27. Rc1 Kd7 28. Rc2 Rc8 29. Rhc1 Rxc2 30. Rxc2 Bxh4 31. Bxh4 Rxh4 32. a4 bxa4 33. bxa4 f5 34. Rc4 fxe4 35. fxe4 g5 36. Kc2 g4 37. Kd2 Rh2+ 38. Ke3 Rb2 39. Kf4 Rb3 40. Kxg4 Ra3 41. Nc2 Ra2 42. Nd4 Ba6 43. Rb4 Bc8 44. Rc4 Ra3 45. Kf4 Ba6 46. Rb4 Ra2 47. Ne6 Ra3 48. Kf5 Rf3+ 49. Kg4 Ra3 50. Nf8+ Ke8 51. Ne6 Kd7 52. Kf5 Rf3+ 53. Kg6 Ra3 54. Kf7 Rf3+ 55. Kg6 Ra3 56. Rb6 Rxa4 57. Nf8+ Kc7 58. Rc6+ Kd8 59. Ne6+ Kd7 60. Rc7+ Ke8 61. Ng5 Rc4 62. Ra7 Bc8 63. Ra8 Kd8 64. Nf7+ Ke8 65. e5 dxe5 66. Nxe5 Rc5 67. Nc6 Kd7 68. Ra7+ Kd6 69. Nxe7 Bd7 70. Nf5+ Bxf5+ 71. Kxf5 Rxd5+ 72. Kf6 Rc5 73. Ra6+ Rc6 74. Rxc6+ Kxc6 1/2-1/2


[Site "https://www.chess.com"]

[Event "Titled Tuesday Blitz November 01 Early 2022"]
[White "Tokhirjonova, Gulrukhbegim"]
[Black "Oparin, Grigoriy"]
[WhiteFideId "14203626"]
[BlackFideId "24125890"]
[WhiteElo "2236"]
[BlackElo "2639"]
[Result "0-1"]
[Round "01"]
[TimeControl "180+1"]
[Date "2022.11.01"]
[WhiteClock "0:00:16"]
[BlackClock "0:00:21"]

1. e4 c5 2. Nf3 d6 3. d4 cxd4 4. Qxd4 Nf6 5. Nc3 Nc6 6. Bb5 Bd7 7. Bxc6 Bxc6 8. Bg5 e6 9. O-O-O Be7 10. Rhe1 Qa5 11. Kb1 h6 12. Bd2 Qa6 13. h3 Rd8 14. g4 b5 15. a3 Qb7 16. g5 hxg5 17. Nxg5 a5 18. Na2 Ra8 19. f4 Rh4 20. Qf2 Rh5 21. e5 Ne4 22. Nxe4 Bxe4 23. Nc3 Bg6 24. Qe2 dxe5 25. Qxb5+ Qxb5 26. Nxb5 Rc8 27. Bc3 exf4 28. Nd6+ Bxd6 29. Rxd6 Rxh3 30. Rf1 Rh2 31. Rxf4 Bxc2+ 32. Ka2 a4 33. Rf1 Ke7 34. Rd2 Rxd2 35. Bxd2 Bb3+ 36. Ka1 f6 37. Bb4+ Kf7 38. Kb1 e5 39. Rc1 Rxc1+ 40. Kxc1 g5 41. Kd2 g4 42. Bc5 Ke6 43. Ke3 f5 44. Kf2 f4 45. Kg2 Kf5 46. Kf2 e4 47. Bb6 g3+ 0-1


[Site "https://www.chess.com"]

[Event "Titled Tuesday Blitz November 01 Early 2022"]
[White "Troltenier, Dirk"]
[Black "Darini, Pouria"]
[WhiteFideId "4606400"]
[BlackFideId "12502200"]
[WhiteElo "2337"]
[BlackElo "2483"]
[Result "0-1"]
[Round "01"]
[TimeControl "180+1"]
[Date "2022.11.02"]
[WhiteClock "0:00:06"]
[BlackClock "0:00:09"]

1. e4 c5 2. c3 Nf6 3. e5 Nd5 4. d4 cxd4 5. Nf3 e6 6. Bc4 d6 7. O-O Be7 8. exd6 Qxd6 9. cxd4 O-O 10. Nc3 Nc6 11. Re1 Rd8 12. Bb3 Nf6 13. Be3 b6 14. Qd2 Bb7 15. Rad1 Na5 16. Bc2 Bxf3 17. gxf3 Nc4 18. Qc1 Rac8 19. Bf4 Qb4 20. d5 Nxb2 21. dxe6 fxe6 22. Bb3 Nxd1 23. Bxe6+ Kf8 24. Bxc8 Rxc8 0-1


[Site "https://www.chess.com"]

[Event "Titled Tuesday Blitz November 01 Early 2022"]
[White "Vaibhav Jayant Raut"]
[Black "D`Arruda, Ricardo D."]
[WhiteFideId "5089034"]
[BlackFideId "100692"]
[WhiteElo "2147"]
[BlackElo "2457"]
[Result "1/2-1/2"]
[Round "01"]
[TimeControl "180+1"]
[Date "2022.11.02"]
[WhiteClock "0:00:04"]
[BlackClock "0:01:04"]

1. Nf3 d5 2. g3 Nf6 3. Bg2 g6 4. O-O Bg7 5. d3 c6 6. Nbd2 O-O 7. Re1 Nbd7 8. e4 e5 9. a4 Re8 10. b3 dxe4 11. dxe4 Nc5 12. Bb2 Qc7 13. Qe2 Bg4 14. h3 Bxf3 15. Bxf3 Rad8 16. Nc4 Nfd7 17. Red1 Nb6 18. Ba3 Ne6 19. c3 Nxc4 20. Qxc4 Bf8 21. Bxf8 Kxf8 22. Bg4 Rxd1+ 23. Rxd1 Rd8 24. Rxd8+ Nxd8 25. Qc5+ Kg7 26. Qxa7 Qd6 27. Qe3 h5 28. Be2 Ne6 29. b4 h4 30. Kg2 hxg3 31. fxg3 c5 32. b5 b6 33. Bc4 Qd1 34. Bxe6 fxe6 35. a5 bxa5 36. Qxc5 Qe2+ 37. Kg1 Qe1+ 38. Kg2 Qxe4+ 39. Kf2 a4 40. b6 Qc2+ 41. Ke3 Qc1+ 42. Kd3 Qd1+ 43. Kc4 Qb3+ 44. Kd3 Qd1+ 45. Kc4 Qb3+ 46. Kd3 Qd1+ 1/2-1/2


[Site "https://www.chess.com"]

[Event "Titled Tuesday Blitz November 01 Early 2022"]
[White "Viana Da Costa, Fernando"]
[Black "Svane, Rasmus"]
[WhiteFideId "2111900"]
[BlackFideId "4657101"]
[WhiteElo "2277"]
[BlackElo "2674"]
[Result "0-1"]
[Round "01"]
[TimeControl "180+1"]
[Date "2022.11.01"]
[WhiteClock "0:00:02"]
[BlackClock "0:01:10"]

1. d4 d5 2. c4 e6 3. Nc3 a6 4. cxd5 exd5 5. Bf4 Nf6 6. e3 Bd6 7. Bg3 O-O 8. Bd3 Re8 9. Nge2 c6 10. O-O h6 11. Rb1 Qe7 12. Qc2 Bg4 13. Bxd6 Qxd6 14. b4 Bxe2 15. Bxe2 Nbd7 16. Rfc1 g6 17. Na4 Re7 18. Nc5 Nb6 19. a4 Kg7 20. b5 cxb5 21. axb5 a5 22. Na4 Rc8 23. Qxc8 Nxc8 24. Rxc8 Rc7 25. Rxc7 Qxc7 26. Bd3 Ng4 27. g3 Qd6 28. b6 Qc6 29. Nc5 a4 30. Bb5 Qxb6 31. Nxa4 Qa5 32. Bd7 Nf6 33. Bb5 Ne4 34. Rb2 h5 35. h4 Kf8 36. Kg2 Ke7 37. Nc5 Nxc5 38. dxc5 Qc3 39. Rb1 Qxc5 40. Bd3 b6 41. Be2 d4 42. exd4 Qxd4 43. Kf1 Qe4 44. Rb5 Qh1# 0-1


[Site "https://www.chess.com"]

[Event "Titled Tuesday Blitz November 01 Early 2022"]
[White "Vusatiuk, Vladimir"]
[Black "Sarana, Alexey"]
[WhiteFideId "14118610"]
[BlackFideId "24133795"]
[WhiteElo "2208"]
[BlackElo "2689"]
[Result "0-1"]
[Round "01"]
[TimeControl "180+1"]
[Date "2022.11.01"]
[WhiteClock "0:00:10"]
[BlackClock "0:00:33"]

1. Nf3 d5 2. c4 d4 3. b4 c5 4. e3 dxe3 5. fxe3 cxb4 6. d4 e6 7. Bd3 Nf6 8. O-O Be7 9. Qe1 Nc6 10. Nbd2 O-O 11. Bb2 Bd6 12. Qh4 h6 13. Rad1 Qe7 14. Ne5 Bxe5 15. dxe5 Nh7 16. Rf6 Rd8 17. Ne4 Qf8 18. Rxh6 gxh6 19. Nf6+ Nxf6 20. exf6 e5 21. Qe4 Rxd3 22. Rxd3 Be6 23. Bxe5 Nxe5 24. Qxe5 Kh8 25. Qf4 Qg8 26. e4 Qg5 27. Qc7 Rg8 28. Rg3 Qc1+ 29. Kf2 Qd2+ 30. Kf1 Rxg3 31. hxg3 Qd1+ 32. Kf2 Qd4+ 33. Kf1 Bxc4+ 34. Ke1 Qe3+ 35. Kd1 Qd3+ 36. Kc1 Qc3+ 37. Kd1 Bb3+ 38. axb3 Qxc7 0-1


[Site "https://www.chess.com"]

[Event "Titled Tuesday Blitz November 01 Early 2022"]
[White "Wieczorek, Oskar"]
[Black "Samarth, J Rao"]
[WhiteFideId "1133950"]
[BlackFideId "46652370"]
[WhiteElo "2404"]
[BlackElo "1564"]
[Result "0-1"]
[Round "01"]
[TimeControl "180+1"]
[Date "2022.11.02"]
[WhiteClock "0:01:43"]
[BlackClock "0:01:39"]

1. e4 c5 2. Nf3 d6 3. d4 cxd4 4. Nxd4 Nf6 5. Nc3 a6 6. h4 e5 7. Nb3 Be7 8. Bg5 Nbd7 9. a4 b6 10. Bc4 Bb7 11. Qe2 Qc7 12. Rd1 h6 13. Bxf6 Nxf6 14. Nd2 O-O 15. Bb3 Qc5 16. Qc4 Rac8 17. Qxc5 dxc5 18. Nc4 Nxe4 19. Nxe4 Bxe4 20. Nxb6 Bxg2 21. Nxc8 Rxc8 22. Rg1 Bf3 23. Rd7 Kf8 24. Ra7 c4 25. Ba2 a5 26. c3 Rd8 0-1


[Site "https://www.chess.com"]

[Event "Titled Tuesday Blitz November 01 Early 2022"]
[White "Winkels, Marcel"]
[Black "Demin, Vladimir"]
[WhiteFideId "1003887"]
[BlackFideId "4167457"]
[WhiteElo "1900"]
[BlackElo "2568"]
[Result "0-1"]
[Round "01"]
[TimeControl "180+1"]
[Date "2022.11.02"]
[WhiteClock "0:00:01"]
[BlackClock "0:01:24"]

1. e4 Nf6 2. e5 Nd5 3. d4 d6 4. Nf3 dxe5 5. Nxe5 g6 6. Be2 Bg7 7. Nf3 O-O 8. O-O Bf5 9. c4 Nb4 10. Na3 c5 11. Be3 N8c6 12. Nb5 a6 13. a3 axb5 14. axb4 Rxa1 15. Qxa1 cxd4 16. cxb5 dxe3 17. bxc6 exf2+ 18. Kh1 bxc6 19. Rxf2 Qb6 20. Rf1 Qxb4 21. Qd1 c5 22. Bd3 Rd8 23. Ne1 Qxb2 24. Qf3 Be6 25. Be4 c4 26. Qf4 Qe5 27. Qf3 c3 28. Nc2 h6 29. h3 Rd2 30. Rd1 Qd6 31. Re1 Bb3 32. Ne3 Qf6 33. Qg3 Qe5 34. Qf3 Qd4 35. Rf1 Bf6 0-1


[Site "https://www.chess.com"]

[Event "Titled Tuesday Blitz November 01 Early 2022"]
[White "Xie, Bryan"]
[Black "Ozen, Bahadir"]
[WhiteFideId "30941296"]
[BlackFideId "6337058"]
[WhiteElo "2033"]
[BlackElo "2503"]
[Result "0-1"]
[Round "01"]
[TimeControl "180+1"]
[Date "2022.11.02"]
[WhiteClock "0:00:21"]
[BlackClock "0:01:07"]

1. e4 g6 2. d4 Bg7 3. Nf3 c6 4. Nc3 d6 5. Be2 Nd7 6. O-O Qc7 7. Re1 Ngf6 8. h3 O-O 9. Be3 b5 10. a3 Bb7 11. d5 a6 12. dxc6 Bxc6 13. Nd2 Bb7 14. Bd4 Nc5 15. Bf3 e5 16. Bxc5 Qxc5 17. Nb3 Qc7 18. Qd2 Rac8 19. Rad1 Rfd8 20. Re2 h5 21. Nd5 Nxd5 22. exd5 f5 23. Qg5 Qf7 24. c3 e4 25. Bxe4 fxe4 26. Rxe4 Qf6 27. Qe3 Rf8 28. Qb6 Qf7 29. Qxd6 Rcd8 30. Qg3 Bxd5 31. Rb4 Bxb3 32. Re1 Bc4 33. b3 Bxb3 34. Rbe4 Rde8 35. Rxe8 Rxe8 0-1


[Site "https://www.chess.com"]

[Event "Titled Tuesday Blitz November 01 Early 2022"]
[White "Xiong, Jeffery"]
[Black "Gireman, Ja"]
[WhiteFideId "2047640"]
[BlackFideId "5043794"]
[WhiteElo "2725"]
[BlackElo "2153"]
[Result "1-0"]
[Round "01"]
[TimeControl "180+1"]
[Date "2022.11.01"]
[WhiteClock "0:00:19"]
[BlackClock "0:00:07"]

1. d4 Nf6 2. Nf3 g6 3. Nbd2 d5 4. b3 c5 5. dxc5 Bg7 6. Bb2 Nbd7 7. b4 a5 8. a3 O-O 9. e3 Qc7 10. Bb5 Ne4 11. Bxg7 Kxg7 12. Nxe4 dxe4 13. Nd2 Rd8 14. Qc1 Nf6 15. h3 Qe5 16. c3 Qg5 17. Bf1 Nd5 18. Nb3 e5 19. Nxa5 Be6 20. Nc4 f5 21. Nd6 f4 22. c4 fxe3 23. cxd5 exf2+ 24. Kxf2 Rf8+ 25. Kg1 e3 26. dxe6 Rf2 27. Nc4 Raf8 28. Qxe3 Qh4 29. Qxe5+ R8f6 30. e7 Rf5 31. e8=N+ Kh6 32. Qe3+ g5 33. Nxf6 1-0


[Site "https://www.chess.com"]

[Event "Titled Tuesday Blitz November 01 Early 2022"]
[White "Yeritsyan, Hayk"]
[Black "Csonka, Balazs"]
[WhiteFideId "13307320"]
[BlackFideId "742910"]
[WhiteElo "2404"]
[BlackElo "2404"]
[Result "1/2-1/2"]
[Round "01"]
[TimeControl "180+1"]
[Date "2022.11.02"]
[WhiteClock "0:00:09"]
[BlackClock "0:00:03"]

1. d4 d5 2. Nf3 Nf6 3. e3 c5 4. Bd3 Nc6 5. c3 Bg4 6. Nbd2 e6 7. Qa4 Nd7 8. dxc5 Bxf3 9. Nxf3 Nxc5 10. Qd1 g6 11. Bb5 Bg7 12. Bxc6+ bxc6 13. O-O O-O 14. Qc2 e5 15. b3 Re8 16. Ba3 Qa5 17. Bb2 Qa6 18. Rac1 Nd3 19. Rcd1 e4 20. Ne1 Nxb2 21. Qxb2 h5 22. Nc2 h4 23. h3 Re5 24. Qa3 Qb7 25. Qd6 Re6 26. Qc5 Qb6 27. Qxb6 axb6 28. a4 Bxc3 29. Nd4 Bxd4 30. Rxd4 Kf8 31. Rc1 Ke7 32. Rb4 c5 33. Rb5 Rc6 34. b4 Rac8 35. bxc5 Rxc5 36. Rcxc5 bxc5 37. a5 c4 38. Rxd5 c3 39. Rd1 Ke6 40. Kf1 c2 41. Rc1 Kd5 42. Ke2 Ra8 43. Rxc2 Rxa5 44. Rd2+ Ke5 45. Rb2 f5 46. Rc2 g5 47. Kd2 Rd5+ 48. Ke2 f4 49. f3 fxe3 50. Kxe3 Rd3+ 51. Ke2 Kf4 52. fxe4 Rg3 53. Kf2 Kxe4 54. Rc4+ Kf5 55. Rc5+ Kg6 56. Rc6+ Kh5 57. Rc8 Ra3 58. Rh8+ Kg6 59. Rg8+ Kf6 60. Rf8+ Ke6 61. Rb8 Ra2+ 62. Kf3 Ra3+ 63. Kf2 Ra5 64. Rb7 Ke5 65. Rf7 Ke4 66. Kg1 Re5 67. Kh2 Ke3 68. Rf3+ Ke2 69. Rf8 Re3 70. Kg1 Rg3 71. Rf5 Ke3 72. Kh2 Ke4 73. Rf8 Kd4 74. Rf7 Ke3 75. Rf8 Ke2 76. Rf7 Kd2 77. Rf8 Kc3 78. Rg8 Kd4 79. Rf8 Ke5 80. Rf7 Ke6 81. Rf8 Ke7 82. Rf2 Kd6 83. Kg1 Ke5 84. Kf1 Ke4 85. Kg1 Rd3 86. Kh2 Rd5 87. Rf8 Ke3 88. Rf7 Re5 89. Rf6 Ke2 90. Kg1 Re3 91. Rf7 Rg3 92. Rf8 g4 93. hxg4 h3 94. Re8+ Kd3 95. Rd8+ Ke4 96. Re8+ Kf4 97. Rf8+ Ke3 98. Re8+ Kd3 99. Rd8+ Ke2 100. Re8+ Kd2 101. Rd8+ Kc3 102. Rc8+ Kd4 103. Kh2 hxg2 104. Kg1 Kd3 105. Ra8 Rxg4 106. Ra2 Ke3 107. Rxg2 Ra4 108. Kh2 Ra5 109. Rg3+ Kf4 110. Rg2 Ra3 111. Kg1 Ra1+ 112. Kh2 Rf1 113. Rg1 Rf2+ 114. Rg2 Rf3 115. Kg1 Rc3 116. Rf2+ Kg3 117. Rg2+ Kh3 118. Rh2+ Kg3 119. Rg2+ Kf3 120. Rf2+ Ke3 121. Kg2 Rc8 122. Rf3+ Ke2 123. Rf2+ Ke1 124. Rf3 Rg8+ 125. Rg3 Re8 126. Rf3 Re2+ 127. Kg3 Ra2 128. Kf4 Ra4+ 129. Kg3 Ke2 130. Rf4 Ra3+ 131. Kg4 Ra1 132. Kf5 Rg1 133. Re4+ Kd3 134. Rf4 Rg2 135. Ke5 Rg5+ 136. Rf5 Rg8 137. Rf6 Re8+ 138. Re6 Rd8 1/2-1/2


[Site "https://www.chess.com"]

[Event "Titled Tuesday Blitz November 01 Early 2022"]
[White "Yurasova, Daria"]
[Black "Rohith Krishna S"]
[WhiteFideId "34146919"]
[BlackFideId "46617051"]
[WhiteElo "2044"]
[BlackElo "2270"]
[Result "0-1"]
[Round "01"]
[TimeControl "180+1"]
[Date "2022.11.02"]
[WhiteClock "0:00:39"]
[BlackClock "0:01:27"]

1. d4 Nf6 2. Bg5 Ne4 3. Bf4 c5 4. e3 d5 5. Nf3 e6 6. Nbd2 Nc6 7. c3 Bd6 8. Bg3 Nxg3 9. hxg3 e5 10. dxe5 Nxe5 11. Nxe5 Bxe5 12. Nf3 Bf6 13. Bb5+ Bd7 14. Bxd7+ Qxd7 15. Qd2 O-O-O 16. O-O h5 17. c4 dxc4 18. Qc2 Qd3 19. Qa4 Kb8 20. Rac1 h4 21. gxh4 Bxh4 22. Nxh4 Rxh4 23. g3 Rdh8 24. Kg2 Qe4+ 25. f3 Rh2+ 26. Kg1 Qxe3+ 0-1


[Site "https://www.chess.com"]

[Event "Titled Tuesday Blitz November 01 Early 2022"]
[White "Yurovskykh, Oleksandr"]
[Black "De Souza, Cristiano Gomes"]
[WhiteFideId "14134020"]
[BlackFideId "2151758"]
[WhiteElo "2303"]
[BlackElo "2068"]
[Result "0-1"]
[Round "01"]
[TimeControl "180+1"]
[Date "2022.11.02"]
[WhiteClock "0:00:06"]
[BlackClock "0:00:40"]

1. d4 Nf6 2. c4 g6 3. Nc3 Bg7 4. e4 d6 5. Be2 O-O 6. Nf3 e5 7. dxe5 dxe5 8. Qxd8 Rxd8 9. Bg5 Re8 10. Nd5 Nxd5 11. cxd5 c6 12. Bc4 b5 13. Bb3 a5 14. a4 Bb7 15. Rd1 h6 16. Be3 cxd5 17. Bxd5 Bxd5 18. Rxd5 bxa4 19. Ke2 Nc6 20. Ra1 Nd4+ 21. Bxd4 exd4 22. Kd3 Rab8 23. Nd2 Rxb2 24. Rxa4 Rc8 25. Rdxd4 Bxd4 26. Rxd4 Rcc2 27. Nc4 Ra2 28. Rd8+ Kg7 29. Rd7 Rxf2 30. Ra7 a4 31. g3 Rxh2 32. Ne5 Rhf2 33. Ke3 Rae2+ 34. Kd3 Ra2 35. Ke3 g5 36. Nd3 Rfe2+ 37. Kd4 a3 38. Ne5 Rf2 39. Ke3 Rae2+ 40. Kd3 a2 41. Ng4 Rb2 42. Nxf2 Rxf2 43. e5 Kg6 44. Ke3 Rb2 45. Ra5 Kf5 46. Kf3 Rb3+ 47. Kf2 Kg4 48. Rxa2 Rxg3 49. Ra4+ Kh3 50. Ra7 Rg4 51. Rxf7 Re4 52. Re7 h5 53. Re8 h4 54. e6 g4 55. e7 g3+ 56. Kf3 Re6 57. Kf4 g2 58. Kf5 Re1 59. Rg8 Rxe7 60. Kf4 Kh2 61. Kf3 h3 62. Ra8 g1=Q 63. Ra2+ Kh1 64. Rc2 Rf7+ 65. Ke4 Qe1+ 66. Kd3 Rd7+ 67. Kc4 Qe4+ 68. Kc3 Rc7+ 69. Kd2 Rxc2+ 70. Kd1 Qe2# 0-1


[Site "https://www.chess.com"]

[Event "Titled Tuesday Blitz November 01 Early 2022"]
[White "Zemlyanskii, Ivan"]
[Black "Aarav Dengla"]
[WhiteFideId "24249971"]
[BlackFideId "45059756"]
[WhiteElo "2107"]
[BlackElo "2257"]
[Result "1-0"]
[Round "01"]
[TimeControl "180+1"]
[Date "2022.11.02"]
[WhiteClock "0:01:23"]
[BlackClock "0:00:18"]

1. d4 d5 2. c4 e6 3. Nf3 a6 4. e3 Nf6 5. b3 Bb4+ 6. Nbd2 O-O 7. Bd3 dxc4 8. bxc4 c5 9. O-O Bc3 10. Rb1 cxd4 11. exd4 Nc6 12. Nb3 a5 13. Be3 a4 14. Nc1 Kh8 15. Ne2 Bb4 16. Qc2 h6 17. Rfd1 Be7 18. Bd2 Qc7 19. Bc3 Rd8 20. Ng3 Bd6 21. Qe2 Bxg3 22. hxg3 Qe7 23. Re1 Qa3 24. Rec1 Qe7 25. Re1 Qa3 26. Qd2 Bd7 27. Ne5 Nxe5 28. dxe5 Ng8 29. Bb4 1-0


[Site "https://www.chess.com"]

[Event "Titled Tuesday Blitz November 01 Early 2022"]
[White "parintele_chess"]
[Black "Principe, Gerson"]
[BlackFideId "3804550"]
[WhiteElo "2217"]
[BlackElo "2280"]
[Result "0-1"]
[Round "01"]
[TimeControl "180+1"]
[Date "2022.11.02"]
[WhiteClock "0:00:05"]
[BlackClock "0:00:14"]

1. d4 Nf6 2. c4 e6 3. Nc3 Bb4 4. e3 O-O 5. Ne2 b6 6. a3 Be7 7. Ng3 d5 8. cxd5 exd5 9. Bd3 c5 10. O-O Nc6 11. Bc2 Be6 12. h3 Qd7 13. f4 Qd8 14. f5 Bc8 15. dxc5 bxc5 16. e4 dxe4 17. Ngxe4 Ba6 18. Re1 Nd4 19. Nxf6+ Bxf6 20. Be4 Rb8 21. Qa4 Bc8 22. Nd5 Bxf5 23. Nxf6+ Qxf6 24. Bf4 Rxb2 25. Bxf5 Qxf5 26. Bg3 Qd5 27. Bf2 Ne6 28. Rad1 Qb3 29. Qg4 Qa2 30. Bh4 h5 31. Qg3 Kh8 32. Be7 Re8 33. Bd6 Qb3 34. Be5 Qxg3 35. Bxg3 Rb3 36. Bd6 c4 37. Bb4 Rc8 38. Rd7 Kg8 39. Rxa7 Rd3 40. Rc1 c3 41. Kf1 c2 42. Ke2 Nf4+ 43. Ke1 Nxg2+ 44. Ke2 Nf4+ 45. Ke1 Rxh3 46. Bd6 Nd3+ 47. Kd2 Nxc1 48. Kxc1 Rh1+ 0-1


[Site "https://www.chess.com"]

[Event "Titled Tuesday Blitz November 01 Early 2022"]
[White "Aaditya Dhingra"]
[Black "Blokhin, Sofia"]
[WhiteFideId "25678191"]
[BlackFideId "4508190"]
[WhiteElo "2054"]
[BlackElo "2005"]
[Result "1-0"]
[Round "02"]
[TimeControl "180+1"]
[Date "2022.11.02"]
[WhiteClock "0:00:13"]
[BlackClock "0:00:01"]

1. Nf3 d5 2. g3 e6 3. Bg2 Nf6 4. c4 Be7 5. O-O O-O 6. b3 c5 7. cxd5 exd5 8. d4 Nc6 9. dxc5 Bxc5 10. Bb2 d4 11. Na3 Bf5 12. Nb5 d3 13. e3 a6 14. Nbd4 Nxd4 15. Nxd4 Bxd4 16. Bxd4 Qd7 17. Bxf6 gxf6 18. Qf3 Rab8 19. e4 Bg4 20. Qxf6 Be2 21. Rfe1 d2 22. Rxe2 d1=Q+ 23. Rxd1 Qxd1+ 24. Bf1 Qc1 25. e5 Rbd8 26. Re4 h5 27. Rf4 Qc6 28. Qxc6 bxc6 29. Bxa6 Rd1+ 30. Kg2 Rd2 31. a4 Re8 32. Rf5 Rb8 33. Bc4 Rb7 34. a5 Ra7 35. a6 Kg7 36. Rxh5 Rad7 37. Rf5 Ra2 38. h4 c5 39. h5 Kh6 40. g4 Rd4 41. Kg3 Ra1 42. g5+ Kg7 43. Rxf7+ Kh8 44. Rf8+ Kg7 45. Rg8+ Kh7 46. g6+ Kh6 47. Rh8+ Kg5 48. g7 Rg1+ 49. Kf3 Rf4+ 50. Ke2 Kf5 51. Rf8+ 1-0


[Site "https://www.chess.com"]

[Event "Titled Tuesday Blitz November 01 Early 2022"]
[White "Aarav Dengla"]
[Black "Baruch, Liam"]
[WhiteFideId "45059756"]
[BlackFideId "14322064"]
[WhiteElo "2257"]
[BlackElo "1959"]
[Result "1-0"]
[Round "02"]
[TimeControl "180+1"]
[Date "2022.11.02"]
[WhiteClock "0:00:08"]
[BlackClock "0:00:03"]

1. e4 e5 2. Nf3 Nc6 3. Bb5 a6 4. Ba4 Nf6 5. d3 b5 6. Bb3 Bc5 7. O-O d6 8. c3 h6 9. Re1 O-O 10. Nbd2 Bb6 11. Nf1 Ne7 12. a4 Rb8 13. Nh4 Kh7 14. Be3 Bg4 15. Qd2 Ng6 16. Nxg6 fxg6 17. h3 Bd7 18. Bxb6 Rxb6 19. a5 Rb8 20. d4 Nh5 21. dxe5 dxe5 22. Rad1 Bc6 23. Qe3 Qf6 24. Nh2 Nf4 25. Rd2 h5 26. Red1 b4 27. Bc4 bxc3 28. bxc3 Bb5 29. Bd5 c6 30. Ba2 Ba4 31. Re1 Bb3 32. Bxb3 Rxb3 33. h4 Rb7 34. g3 Ne6 35. Kg2 Qe7 36. Nf3 Rfb8 37. Nxe5 Rc7 38. Red1 Rf8 39. Rd7 Rxd7 40. Rxd7 Qf6 41. Nxc6 g5 42. hxg5 Nxg5 43. Nd4 h4 44. gxh4 Ne6 45. Nf5 Qg6+ 46. Qg3 Nf4+ 47. Kf3 Qxg3+ 48. fxg3 Ne6 49. Re7 Rf6 50. g4 Kg6 51. g5 Rf8 52. Rxe6+ Kh7 53. g6+ Kg8 54. Kg4 Rd8 55. Rxa6 Rb8 56. Ne7+ Kh8 57. Nc6 Rc8 58. e5 Rd8 59. Nxd8 Kg8 60. Ra8 Kf8 61. Nc6# 1-0


[Site "https://www.chess.com"]

[Event "Titled Tuesday Blitz November 01 Early 2022"]
[White "Aizpurua, Patrick Emilio"]
[Black "Harriott, Tyrell"]
[WhiteFideId "6600522"]
[BlackFideId "2086484"]
[WhiteElo "2378"]
[BlackElo "2107"]
[Result "0-1"]
[Round "02"]
[TimeControl "180+1"]
[Date "2022.11.02"]
[WhiteClock "0:00:03"]
[BlackClock "0:00:03"]

1. d4 e6 2. c4 d5 3. Nf3 c6 4. b3 f5 5. Bf4 Nf6 6. g3 Nbd7 7. Bg2 Ne4 8. O-O Be7 9. Qc2 O-O 10. Ne1 g5 11. Bc1 Qe8 12. f3 Nd6 13. Nd3 Qh5 14. Nc3 Bf6 15. e3 dxc4 16. bxc4 Nxc4 17. Qb3 Ndb6 18. a4 a5 19. f4 h6 20. Ne5 Bxe5 21. dxe5 Rd8 22. e4 Qf7 23. fxg5 hxg5 24. Bxg5 Rd3 25. Bf6 Bd7 26. Rf4 Rd2 27. Rh4 Qg6 28. Bf1 Rb2 29. Qd1 Ne3 30. Qd6 Re8 31. Rh8+ Kf7 32. Rxe8 Qxg3+ 33. hxg3 Kg6 34. Rh8 Nxf1 35. Rxf1 fxe4 36. Qf8 Rg2+ 0-1


[Site "https://www.chess.com"]

[Event "Titled Tuesday Blitz November 01 Early 2022"]
[White "Amgalantengis, Enkh-Amgalan"]
[Black "Aponte Ramos, Argimiro"]
[WhiteFideId "4903536"]
[BlackFideId "3900568"]
[WhiteElo "1772"]
[BlackElo "2216"]
[Result "1-0"]
[Round "02"]
[TimeControl "180+1"]
[Date "2022.11.02"]
[WhiteClock "0:01:23"]
[BlackClock "0:00:01"]

1. b3 e5 2. Bb2 d6 3. e3 Nf6 4. c4 g6 5. Nc3 Bg7 6. Rc1 O-O 7. h4 c5 8. Be2 Nc6 9. h5 Re8 10. hxg6 hxg6 11. Nf3 Nd4 12. Ng5 Ng4 13. Nxf7 Kxf7 14. Bxg4 Qg5 15. Bxc8 Qxg2 16. Rf1 Nf3+ 17. Ke2 Nd4+ 18. exd4 exd4+ 19. Kd3 dxc3 20. Qg4 Qxg4 21. Bxg4 cxb2 22. Rcd1 a5 23. Bf3 Re7 24. a4 Rh8 25. Kc2 b6 26. Rg1 Bd4 27. Bd5+ Kf6 28. Rg2 Re2 29. Rdg1 Rh6 30. Rf1 Rh5 31. Bf3 Ree5 32. Bxh5 gxh5 33. f4 Re4 34. Rh2 Kg6 35. f5+ Kf6 36. Rxh5 Re2 37. Rh6+ 1-0


[Site "https://www.chess.com"]

[Event "Titled Tuesday Blitz November 01 Early 2022"]
[White "Andreev, Konstantin"]
[Black "Jarmula, Lukasz"]
[WhiteFideId "24239305"]
[BlackFideId "1160664"]
[WhiteElo "2106"]
[BlackElo "2357"]
[Result "1-0"]
[Round "02"]
[TimeControl "180+1"]
[Date "2022.11.02"]
[WhiteClock "0:01:18"]
[BlackClock "0:01:33"]

1. e4 e5 2. Nf3 Nc6 3. Bc4 Bc5 4. c3 Nf6 5. d4 exd4 6. b4 Bb6 7. e5 d5 8. exf6 dxc4 9. Qe2+ Kf8 10. b5 d3 11. Ba3+ Kg8 12. Qe4 g6 13. bxc6 Bf5 14. Qf4 Qe8+ 15. Be7 h5 16. cxb7 Rb8 17. O-O Rxb7 18. Nbd2 Be6 19. Rfe1 Qc6 20. Ne5 Qc5 21. Bxc5 1-0


[Site "https://www.chess.com"]